 Dungeon Crawl Stone Soup version 0.25-a0-458-g6fc7858b95 (webtiles) character file.

Game seed: 1823745367178839625, levelgen mode: deterministic

123 Hasart the Digger (level 4, 0/33 HPs)
             Began as a Demigod Earth Elementalist on Feb 3, 2020.
             Slain by Grinder (6 damage)
             ... while paralysed by Grinder
             ... on level 3 of the Dungeon.
             The game lasted 00:06:13 (2601 turns).

Hasart the Digger (Demigod Earth Elementalist)      Turns: 2601, Time: 00:06:14

Health: 0/33       AC:  4    Str: 11    XL:     4   Next: 51%
Magic:  7/10       EV:  2    Int: 21    God:
Gold:   126        SH:  0    Dex: 16    Spells: 4/8 levels left

rFire    . . .     SeeInvis .   k - +1 dagger (venom)
rCold    . . .     Gourm    .   (no shield)
rNeg     . . .     Faith    .   c - +0 robe
rPois    .         Spirit   .   i - +0 helmet
rElec    .         Reflect  .   m - scarf {cloud immunity}
rCorr    .         Harm     .   l - +0 pair of gloves
MR       .....                  (no boots)
Stlth    ++........             (no amulet)
HPRegen  0.11/turn              (no ring)
MPRegen  0.12/turn              (no ring)

@: paralysed
A: high mp 1
a: no special abilities


You were on level 3 of the Dungeon.
You were not hungry.

You visited 1 branch of the dungeon, and saw 3 of its levels.

You collected 126 gold pieces.

Inventory:

Hand Weapons
 k - a +1 dagger of venom (weapon)
Missiles
 a - 13 poisoned darts
 b - 31 stones (quivered)
Armour
 c - a +0 robe (worn)
 i - a +0 helmet (worn)
 l - a +0 pair of gloves (worn)
 m - a scarf of cloud immunity (worn)
 s - a +0 cloak
Scrolls
 e - a scroll of magic mapping {unknown}
 g - a scroll of remove curse {unknown}
 j - a scroll of enchant armour {unknown}
 n - 3 scrolls of identify {unknown}
 q - a scroll of teleportation {unknown}
 r - a scroll of enchant weapon {unknown}
 t - a scroll of blinking {unknown}
Potions
 f - a potion of might {unknown}
 h - a potion of haste {unknown}
 o - a potion of degeneration {unknown}
 p - a potion of curing
Comestibles
 d - 5 rations
 u - a chunk of flesh


   Skills:
 + Level 2.7 Dodging
 - Level 1.7 Stealth
 + Level 2.5 Spellcasting
   Level 0.8 Transmutations
 * Level 4.1 Earth Magic


You had 4 spell levels left.
You knew the following spells:

 Your Spells              Type           Power        Failure   Level  Hunger
a - Sandblast             Erth           ###...       2%          1    None
b - Stone Arrow           Conj/Erth      ##....       19%         3    ###....

Your spell library contained the following spells:

 Spells                   Type           Power        Failure   Level  Hunger
 Passwall                 Tmut/Erth      ##......     8%          2    ##.....
 Petrify                  Tmut/Erth      ##......     45%         4    ####...
 Lee's Rapid Deconstruct  Erth           ###.......   56%         5    ######.


Dungeon Overview and Level Annotations

Branches:
Dungeon (3/15)

Annotations:
D:3 Grinder


Innate Abilities, Weirdness & Mutations

You have an increased reservoir of magic. (+10% MP)


Message History

b - 32 stones The quokka closely misses you.
The kobold hits you with a +0 dagger.
Casting: Sandblast (safe; 2% risk of failure)
Confirm with . or Enter, or press ? or * to list all spells.
Aiming: Sandblast (safe; 2% risk of failure)
Press: ? - help, Shift-Dir - straight line, f/p - Grinder
Aim: Grinder (severely wounded)
The blast of sand hits Grinder.
Grinder is almost dead.
b - 31 stones Grinder gestures at you.
You suddenly lose the ability to move!
The quokka bites you. The kobold hits you with a +0 dagger.
The quokka bites you. Grinder gestures at you.
You shrug off the repeated paralysis!
The kobold hits you but does no damage. The quokka bites you.
* * * LOW HITPOINT WARNING * * *
Grinder hits you.
You die...

#...# ... ###
..#.#####. ..##
###....##.## ...# #
####.##..###..######
# #.###..##....... .
# #.....†##..#
#.###.# #
######†..#.# ......#
. #.....##...##.# .
###..K@r)......
..........5....#.##
.............#...#
r............# ....
............... ...
%............##. ..
.............# # #
o...#####..... .##
## .<..####.


You could see Grinder, a quokka and a kobold.

Vanquished Creatures
  An orc wizard (D:3)
  3 adders
  An ooze (D:2)
  A worm (D:3)
  3 dart slugs
  2 leopard geckos (D:3)
  An orc (D:2)
  A giant cockroach (D:2)
  7 goblins
  6 hobgoblins
  10 jackals
  5 bats
  4 kobolds
  5 rats
50 creatures vanquished.

Notes
Turn   | Place    | Note
-------+----------+-------------------------------------------
     0 | D:1      | Hasart the Demigod Earth Elementalist began the quest for
                  | the Orb.
     0 | D:1      | Reached XP level 1. HP: 14/14 MP: 5/5
   199 | D:1      | Reached skill level 3 in Earth Magic
   316 | D:1      | Reached XP level 2. HP: 13/20 MP: 7/7
  1413 | D:2      | Reached XP level 3. HP: 24/26 MP: 8/8
  2007 | D:2      | Found a bloodstained altar of Trog.
  2130 | D:3      | Noticed Grinder
  2423 | D:3      | Reached XP level 4. HP: 21/33 MP: 8/10
  2434 | D:2      | Learned a level 3 spell: Stone Arrow
  2438 | D:3      | Reached skill level 4 in Earth Magic
  2599 | D:3      | Paralysed by Grinder for 3 turns
  2601 | D:3      | Slain by Grinder

Levels and vault maps discovered:
D:1:      ncdulo_halloftheorcs, layout_loops_ring
D:2:      layout_basic, lemuel_coloured_pillars_altar
D:3:      layout_rooms, nicolae_ru_path_of_blood, gup_sewer_entry_glass,
          first_ration, uniq_grinder

Skill      XL: |  1  2  3  4 |
---------------+-------------+-----
Dodging        | 2 |  2.7
Earth Magic    | 3 4 |  4.1
Spellcasting   | 2 |  2.5
Stealth        | |  1.7
Transmutations | |  0.8

Action                   |  1- 3 |  4- 6 || total
-------------------------+-------+-------++-------
Melee: Short sword       |    30 |       ||    30
       Dagger            |    65 |    44 ||   109
 Cast: Sandblast         |    17 |     4 ||    21
 Stab: Sleeping          |     3 |       ||     3
  Eat: Chunk             |     4 |     1 ||     5
Armor: Robe              |    36 |     8 ||    44
Dodge: Dodged            |   101 |    29 ||   130

Table legend:
 A = Non-vault XP
 B = Vault XP
 C = Vault XP percentage of total XP
 D = Non-vault monster count
 E = Vault monster count
 F = Vault count percentage of total count
                 A         B        C        D         E       F
            +---------+---------+-------+---------+---------+-------
      Total |     176 |       0 |   0.0 |      50 |       0 |   0.0
            +---------+---------+-------+---------+---------+-------
        D:1 |      30 |       0 |   0.0 |      16 |       0 |   0.0
        D:2 |      60 |       0 |   0.0 |      18 |       0 |   0.0
        D:3 |      86 |       0 |   0.0 |      16 |       0 |   0.0
            +---------+---------+-------+---------+---------+-------
